 Dungeon Crawl Stone Soup version 0.13.0-29-gdb529de (webtiles) character file.

243 Lilouch the Sneak (level 4, -1/29 HPs)
             Began as an Octopode Assassin on Nov 5, 2013.
             Slain by Terence
             ... wielding a +0,+0 mace
              (8 damage)
             ... on Level 3 of the Dungeon.
             The game lasted 00:05:46 (1669 turns).

Lilouch the Sneak (Octopode Assassin)               Turns: 1669, Time: 00:05:47

HP  -1/29        AC  1     Str 10      XL: 4   Next: 51%
MP   3/3         EV 12     Int 13      God:
Gold 156         SH  0     Dex 14      Spells:  0 memorised,  3 levels left

Res.Fire  : . . .   See Invis. : .   a - +2 dagger {=f}
Res.Cold  : . . .   Warding    : .   (no shield)
Life Prot.: . . .   Conserve   : .   (helmet restricted)
Res.Poison: .       Res.Corr.  : .   (no amulet)
Res.Elec. : .       Clarity    : .   (no ring)
Sust.Abil.: . .     Spirit.Shd : .   (no ring)
Res.Mut.  : .       Stasis     : .   (no ring)
Res.Rott. : .       Flight     : .   (no ring)
Saprovore : . . .                    (no ring)
                                     (no ring)
                                     (no ring)
                                     (no ring)

@: mildly poisoned, slightly resistant to hostile enchantments, very stealthy
A: almost no armour, amphibious, 8 rings, constrict 8, camouflage 1, AC +1
a: no special abilities


You were on level 3 of the Dungeon.
You were not hungry.

You visited 1 branch of the dungeon, and saw 3 of its levels.

You collected 106 gold pieces.

Inventory:

Hand weapons
 a - a +2,+2 dagger (weapon) {=f}
 b - a +0 blowgun
Missiles
 e - 24 poisoned needles
 f - 2 curare-tipped needles
Armour
 r - a +2 shield
Magical devices
 q - a wand of lightning (5)
Comestibles
 d - a lemon
 g - 3 bread rations
 s - a chunk of rat flesh
Scrolls
 h - 2 scrolls of remove curse {unknown}
 i - a scroll of amnesia {unknown}
 k - a scroll of recharging {unknown}
 l - 2 scrolls of enchant weapon II {unknown}
 m - 2 scrolls of teleportation {unknown}
 o - a scroll of magic mapping {unknown}
 p - a scroll of curse armour {unknown}
Potions
 j - a potion of paralysis {unknown}
 n - a potion of curing {unknown}
 t - a potion of degeneration {unknown}
Books
 c - a book of the Tempests

   Spells                             Type                      Level
   Static Discharge                   Conjuration/Air              3
   Lightning Bolt                     Conjuration/Air              5
   Fireball                           Conjuration/Fire             5
   Tornado                            Air                          9
   Shatter                            Earth                        9


   Skills:
 + Level 3.1 Fighting
 - Level 2.0 Short Blades
 - Level 2.0 Throwing
 + Level 1.9 Dodging
 * Level 6.7 Stealth


You had 3 spell levels left.
You didn't know any spells.

Dungeon Overview and Level Annotations

Branches:
Dungeon (3/27)

Altars:
Fedhas
Sif Muna
Vehumet
Yredelemnul

Annotations:
D:3 Terence


Innate Abilities, Weirdness & Mutations

You cannot wear most types of armour.
You are amphibious.
You can wear up to eight rings at the same time.
You can use your tentacles to constrict many enemies at once.
Your skin changes colour to match your surroundings (Stlth).
Your rubbery body absorbs attacks (AC +1).


Message History

c - a book of the Tempests You feel sick.
Terence shouts!
You barely miss Terence. You grab Terence.
You constrict Terence, but do no damage.
Terence hits you with a mace.
You completely miss Terence.
You feel sick.
You constrict Terence, but do no damage.
You hit Terence but do no damage.
You constrict Terence, but do no damage.
Terence barely misses you.
You hit Terence.
Terence is lightly wounded.
You constrict Terence, but do no damage.
Terence hits you with a mace!
* * * LOW HITPOINT WARNING * * *
You hit Terence but do no damage. Your squeeze misses Terence.
Terence is lightly wounded.
You constrict Terence. Terence hits you with a mace!
You die...

....)..............
........##..........
................... ..
......<.##......... ...
..................####....
...........................
........##..##.............
.....<.....................
.....#..##..##.@@.###......
..........................
....... ..................
....#...##...#....#.......
.............#............
.................)..#.....
..........................
........#...........##...#
....#.#.#...........# ..


You could see Terence.

Vanquished Creatures
  Jessica (D:2)
  2 adders
  4 giant geckos
  An orc (D:3)
  A ball python (D:2)
  A bat (D:2)
  2 giant cockroaches
  9 goblins
  3 hobgoblins
  9 jackals
  3 kobolds
  3 giant newts
  6 rats
  A spectral orc (D:2)
46 creatures vanquished.

Notes
Turn   | Place    | Note
--------------------------------------------------------------
     0 | D:1      | Lilouch, the Octopode Assassin, began the quest for the Orb.
     0 | D:1      | Reached XP level 1. HP: 13/13 MP: 0/0
   384 | D:1      | Reached XP level 2. HP: 15/18 MP: 1/1
   969 | D:2      | Reached XP level 3. HP: 20/23 MP: 2/2
  1036 | D:2      | Noticed Jessica
  1056 | D:2      | Killed Jessica
  1056 | D:2      | Reached skill level 6 in Stealth
  1143 | D:2      | Found a basalt altar of Yredelemnul.
  1205 | D:2      | Reached XP level 4. HP: 21/29 MP: 3/3
  1371 | D:2      | Found a radiant altar of Vehumet.
  1549 | D:3      | Found a blossoming altar of Fedhas.
  1550 | D:3      | Found a deep blue altar of Sif Muna.
  1646 | D:3      | HP: 1/29 [poisoned by an adder]
  1658 | D:3      | Noticed Terence
  1669 | D:3      | Slain by Terence

Action                   |  1- 3 |  4- 6 || total
-------------------------+-------+-------++-------
Melee: Dagger            |    62 |    38 ||   100
Evoke: Wand              |       |     1 ||     1
  Use: Potion            |       |     1 ||     1
 Stab: Sleeping          |     8 |     3 ||    11
